 Dungeon Crawl Stone Soup version 0.20.1-1-g8b1a95d (webtiles) character file.

31370 Elmdore the Markscentaur (level 13, 0/113 HPs)
             Began as a Centaur Hunter on Oct 6, 2017.
             Was a High Priest of Okawaru.
             Slain by Britaniac's ghost (9 damage)
             ... on level 6 of the Lair of Beasts.
             The game lasted 00:30:00 (20618 turns).

Elmdore the Markscentaur (Centaur Hunter)          Turns: 20618, Time: 00:30:00

Health: 0/113      AC: 16    Str: 19    XL:     13   Next: 25%
Magic:  5/13       EV: 14    Int: 14    God:    Okawaru [*****.]
Gold:   775        SH:  0    Dex: 20    Spells: 6/12 levels left

rFire    + . .     SeeInvis .     - Unarmed
rCold    . . .     Gourm    +   (no shield)
rNeg     . . .     Faith    .   c - +0 leather armour
rPois    .         Spirit   .   F - +0 hat {MR+}
rElec    .         Reflect  .   i - +0 cloak
rCorr    .         Harm     .   H - +0 pair of gloves "Osaukluo" {Dex+3} (curse)
MR       +....                  S - +2 centaur barding
Stlth    +++.......             u - amulet of the gourmand
Regen    0.3/turn               k - +5 ring of dexterity
MPRegen  0.2/turn               r - ring of protection from fire

@: mighty, heroism, very quick
A: hooves 3, deformed body, speed 2, tough skin 3
a: Heroism, Finesse, Renounce Religion


You were on level 6 of the Lair of Beasts.
You worshipped Okawaru.
Okawaru was extremely pleased with you.
You were very full.

You visited 3 branches of the dungeon, and saw 16 of its levels.

You collected 775 gold pieces.

Inventory:

Hand Weapons
 a - a +0 longbow of freezing
Missiles
 b - 70 arrows
Armour
 c - a +0 leather armour (worn)
 i - a +0 cloak (worn)
 F - a +0 hat of magic resistance (worn)
 H - the cursed +0 pair of gloves "Osaukluo" (worn) {Dex+3}
   (You found it on level 3 of the Lair of Beasts)

   It affects your dexterity (+3).
   It has a curse placed upon it.
 S - a +2 centaur barding (worn)
Jewellery
 k - a +5 ring of dexterity (left hand)
 r - a ring of protection from fire (right hand)
 t - an uncursed ring of resist corrosion
 u - an amulet of the gourmand (around neck)
 I - an uncursed ring of protection from cold
 M - an uncursed ring of flight
Wands
 n - a wand of disintegration (3/24)
 N - a wand of acid (10/15)
Scrolls
 d - a scroll of vulnerability {unknown}
 g - 2 scrolls of recharging {unknown}
 o - 4 scrolls of enchant weapon {unknown}
 q - 2 scrolls of fog
 v - 3 scrolls of immolation {unknown}
 w - 3 scrolls of enchant armour
 y - 9 scrolls of teleportation
 A - a scroll of silence {unknown}
 C - 2 scrolls of random uselessness {unknown}
 J - 3 scrolls of magic mapping {unknown}
 K - a scroll of remove curse
 L - 3 scrolls of identify
Potions
 e - 3 potions of curing
 h - 3 potions of lignification
 j - 2 potions of ambrosia {unknown}
 l - 5 potions of heal wounds
 m - 2 potions of haste {unknown}
 p - a potion of invisibility
 s - 2 potions of mutation {unknown}
 z - 2 potions of brilliance {unknown}
 B - 4 potions of might
 D - 3 potions of flight
 E - 2 potions of berserk rage {unknown}
 G - a potion of degeneration {unknown}
 Q - a potion of agility {unknown}
 V - 2 potions of resistance {unknown}
Comestibles
 f - 10 bread rations
 x - 6 meat rations
 P - 2 fruits
 T - a royal jelly


   Skills:
 - Level 10.0(15.0) Fighting
 - Level 20.0(25.0) Bows
 + Level 4.1(9.1) Armour
 + Level 4.1(9.1) Dodging
 - Level 0.4(5.4) Stealth
 - Level 10.0(15.0) Unarmed Combat


You had 6 spell levels left.
You knew the following spells:

 Your Spells              Type           Power        Failure   Level  Hunger
a - Deflect Missiles      Chrm/Air       #.........   100%        6    #######


Dungeon Overview and Level Annotations

Branches:
Dungeon (9/15)             Temple (1/1) D:5            Lair (6/6) D:9
 Shoals (0/4) Lair:2       Spider (0/4) Lair:3
  Slime: Lair:5-6       Orc: D:9-12

Altars:
Ashenzari
Cheibriados
Dithmenos
Elyvilon
Fedhas
Gozag
Hepliaklqana
Kikubaaqudgha
Makhleb
Nemelex Xobeh
Okawaru
Qazlal
Ru
Sif Muna
Trog
Uskayaw
Vehumet
Xom
Yredelemnul
Zin
The Shining One

Shops:
D:4 *

Annotations:
Lair:3 exclusion: 2 oklob plants
Lair:6 Britaniac's ghost, journeyman HOFi


Innate Abilities, Weirdness & Mutations

You have hooves in place of feet.
Armour fits poorly on your strangely shaped body.
You cover ground very quickly.
You have extremely tough skin. (AC +3)


Message History

Britaniac's ghost hits you.
* * * LOW HITPOINT WARNING * * *
Britaniac's ghost burns you.
* * * LOW HITPOINT WARNING * * *
The crocodile bites you but does no damage.
You closely miss Britaniac's ghost.
You kick Britaniac's ghost, but do no damage.
Britaniac's ghost is severely damaged.
Britaniac's ghost hits you!
* * * LOW HITPOINT WARNING * * *
Britaniac's ghost burns you.
* * * LOW HITPOINT WARNING * * *
You fail to use your ability.
The crocodile bites you!!
* * * LOW HITPOINT WARNING * * *
Britaniac's ghost hits you but does no damage.
You gain the combat prowess of a mighty hero.
The crocodile bites you.
* * * LOW HITPOINT WARNING * * *
Britaniac's ghost hits you!
You die...

... #.(.. .....$ ##
..#..# #.####...(.#
#...#...(P..
#.<..t.(.(..
##.(÷@W...(..
#..÷((.((((..
##P(.##+###((#PP..
#.(## ......≈ ##(#
.P....≈ #(# .......
###(# .P...≈≈
#..(## ##.#...≈≈
###(.######.....≈P≈


You could see a crocodile and Britaniac's ghost.

Vanquished Creatures
  5 hydras
  A two-headed ogre (D:8)
  3 death yaks
  An elephant (Lair:5)
  Maurice (D:8)
  3 merfolk sirens (Lair:2)
  5 black mambas
  19 spiny frogs
  A rime drake (Lair:6)
  3 komodo dragons
  A merfolk (Lair:2)
  6 blink frogs
  3 hippogriffs
  A wyvern (Lair:5)
  30 yaks
  7 basilisks
  2 vampire mosquitoes (Lair:6)
  5 swamp worms (Lair:1)
  Duvessa (D:7)
  10 porcupines
  8 water moccasins
  2 orc warriors (D:6)
  A sky beast (D:6)
  An ice beast (D:5)
  2 phantoms
  5 black bears
  5 ogres
  A wolf (D:9)
  3 centaurs
  12 crocodiles
  A big kobold (D:8)
  19 bullfrogs
  A gnoll sergeant (D:8)
  Dowan (D:7)
  4 scorpions
  3 killer bees (D:9)
  A crimson imp (D:7)
  A quasit (D:7)
  6 hounds
  4 jellies
  A centaur zombie (D:9)
  3 orc priests
  A gnoll shaman (D:8)
  A bullfrog skeleton (D:7)
  An iguana (D:3)
  5 orc wizards
  6 worker ants
  2 hound zombies (D:6)
  A worker ant zombie (D:5)
  12 adders
  15 gnolls
  A shadow imp (D:6)
  2 oozes
  2 adder skeletons
  2 adder zombies
  15 worms
  2 dart slugs
  7 leopard geckos
  36 orcs
  A ball python (D:6)
  5 giant cockroaches
  7 goblins
  3 hobgoblins
  17 jackals
  2 quokkas
  10 bats
  A frilled lizard (D:3)
  A jackal skeleton (D:8)
  12 kobolds
  5 rats
  2 fungi (Lair:3)
370 creatures vanquished.

Vanquished Creatures (others)
  19 fungi
  70 plants
89 creatures vanquished.

Grand Total: 459 creatures vanquished

Notes
Turn   | Place    | Note
-------+----------+-------------------------------------------
     0 | D:1      | Elmdore the Centaur Hunter began the quest for the Orb.
     0 | D:1      | Reached XP level 1. HP: 17/17 MP: 1/1
    95 | D:1      | Reached XP level 2. HP: 24/24 MP: 2/2
   132 | D:1      | Reached skill level 6 in Bows
   440 | D:2      | Reached XP level 3. HP: 29/29 MP: 3/3
   455 | D:2      | Reached skill level 7 in Bows
   708 | D:2      | Found a burning altar of Makhleb.
   977 | D:2      | Reached XP level 4. HP: 36/36 MP: 4/4
  1202 | D:3      | Reached skill level 8 in Bows
  1244 | D:3      | Reached XP level 5. HP: 33/41 MP: 5/5
  1542 | D:3      | Reached skill level 9 in Bows
  1582 | D:3      | Found an iron altar of Okawaru.
  1588 | D:3      | Found a deep blue altar of Sif Muna.
  1595 | D:3      | Found a stormy altar of Qazlal.
  1913 | D:4      | Found Puoc's Assorted Antiques.
  2186 | D:4      | Reached XP level 6. HP: 48/48 MP: 6/6
  2315 | D:4      | Reached skill level 10 in Bows
  2932 | D:4      | Reached XP level 7. HP: 53/55 MP: 7/7
  2945 | D:4      | Reached skill level 11 in Bows
  3172 | D:5      | Entered Level 5 of the Dungeon
  3176 | D:5      | Found a staircase to the Ecumenical Temple.
  3760 | D:5      | Reached skill level 12 in Bows
  4387 | Temple   | Entered the Ecumenical Temple
  4653 | D:3      | Became a worshipper of Warmaster Okawaru
  4759 | D:6      | HP: 2/55 [gnoll/flail (12)]
  4765 | D:6      | Reached XP level 8. HP: 3/61 MP: 8/8
  5293 | D:6      | Reached skill level 13 in Bows
  5415 | D:6      | Found a sparkling altar of Nemelex Xobeh.
  5525 | D:6      | Reached * piety under Okawaru
  5587 | D:6      | Reached skill level 14 in Bows
  5922 | D:7      | Reached skill level 1 in Unarmed Combat
  6557 | D:7      | Reached ** piety under Okawaru
  6764 | D:7      | Reached XP level 9. HP: 71/71 MP: 9/9
  7098 | D:7      | Noticed Dowan
  7098 | D:7      | Noticed Duvessa
  7171 | D:7      | Killed Duvessa
  7234 | D:7      | Killed Dowan
  7580 | D:8      | Reached skill level 5 in Fighting
  8058 | D:8      | Noticed Maurice
  8094 | D:8      | Reached skill level 5 in Unarmed Combat
  8621 | D:8      | Killed Maurice
  8621 | D:8      | Reached *** piety under Okawaru
  8877 | D:8      | Noticed a two-headed ogre
  8896 | D:8      | Killed a two-headed ogre
  8896 | D:8      | Received a gift from Okawaru
  9062 | D:8      | Reached XP level 10. HP: 75/86 MP: 10/10
 10694 | D:9      | Found a staircase to the Lair.
 10890 | D:9      | Reached **** piety under Okawaru
 12222 | D:9      | Reached XP level 11. HP: 99/99 MP: 11/11
 12337 | Lair:1   | Entered Level 1 of the Lair of Beasts
 12449 | Lair:1   | Reached ***** piety under Okawaru
 12449 | Lair:1   | Received a gift from Okawaru
 12712 | Lair:1   | Reached skill level 10 in Fighting
 12993 | Lair:1   | Reached skill level 10 in Unarmed Combat
 13121 | Lair:1   | Received a gift from Okawaru
 13980 | Lair:1   | Received a gift from Okawaru
 14061 | Lair:1   | Reached skill level 15 in Bows
 14723 | Lair:1   | Received a gift from Okawaru
 14918 | Lair:2   | Reached skill level 16 in Bows
 15020 | Lair:2   | Received a gift from Okawaru
 15129 | Lair:2   | Found a staircase to the Shoals.
 15178 | Lair:2   | Noticed an eight-headed hydra
 15192 | Lair:2   | Killed an eight-headed hydra
 15192 | Lair:2   | Reached skill level 17 in Bows
 15280 | Lair:2   | Noticed a death yak
 15328 | Lair:2   | Noticed a death yak
 15336 | Lair:2   | Noticed a death yak
 15338 | Lair:2   | Noticed a seven-headed hydra
 15422 | Lair:1   | Killed a death yak
 15422 | Lair:1   | Received a gift from Okawaru
 15422 | Lair:1   | Reached XP level 12. HP: 46/106 MP: 10/12
 15935 | Lair:2   | Killed a seven-headed hydra
 15974 | Lair:2   | Killed a death yak
 15974 | Lair:2   | Reached skill level 18 in Bows
 15982 | Lair:2   | Killed a death yak
 15982 | Lair:2   | Received a gift from Okawaru
 16246 | Lair:2   | Noticed a six-headed hydra
 16250 | Lair:2   | Killed a six-headed hydra
 16421 | Lair:2   | Received a gift from Okawaru
 16632 | Lair:2   | Reached skill level 19 in Bows
 16981 | Lair:3   | You fall through a shaft!
 17041 | Lair:3   | Found a hole to the Spider Nest.
 17149 | Lair:3   | Received a gift from Okawaru
 17224 | Lair:3   | Got a pair of fine gloves
 17266 | Lair:3   | Identified the cursed +0 pair of gloves "Osaukluo" {Dex+3} (You found it on level 3 of the Lair of Beasts)
 18190 | Lair:4   | Received a gift from Okawaru
 18243 | Lair:4   | Noticed a six-headed hydra
 18266 | Lair:4   | Killed a six-headed hydra
 18432 | Lair:4   | Reached skill level 20 in Bows
 18658 | Lair:4   | Identified the Grimoire of the Helpful Frostbite
 18667 | Lair:4   | Learned a level 6 spell: Deflect Missiles
 18901 | Lair:5   | Reached skill level 1 in Armour
 19137 | Lair:5   | Noticed an eight-headed hydra
 19143 | Lair:5   | Killed an eight-headed hydra
 19438 | Lair:5   | Reached XP level 13. HP: 94/113 MP: 13/13
 20048 | Lair:6   | Entered Level 6 of the Lair of Beasts
 20272 | Lair:6   | Noticed Britaniac's ghost (journeyman HOFi)
 20618 | Lair:6   | Slain by Britaniac's ghost

Skill      XL: |  1  2  3  4  5  6  7  8  9 10 11 12 13 |
---------------+----------------------------------------+-----
Bows           | 6 7 8 9 10 12 14 17 20 | 20.0
Unarmed Combat | 3 6 9 10 | 10.0
Fighting       | 4 7 9 10 | 10.0
Dodging        | 3 4 |  4.1
Armour         | 2 4 |  4.1
Stealth        | |  0.4

Action                   |  1- 3 |  4- 6 |  7- 9 | 10-12 | 13-15 || total
-------------------------+-------+-------+-------+-------+-------++-------
Melee: Short sword       |    19 |       |     1 |     6 |       ||    26
       Kick              |     6 |       |     1 |    23 |    10 ||    40
       Unarmed           |       |       |     7 |    75 |    38 ||   120
       Shortbow          |       |       |     2 |       |       ||     2
       Punch             |       |       |       |     4 |     4 ||     8
 Fire: Shortbow          |    74 |   193 |   550 |   642 |       ||  1459
       Longbow           |       |       |       |   236 |   101 ||   337
Invok: Heroism           |       |       |       |    21 |     5 ||    26
       Finesse           |       |       |       |       |     2 ||     2
Evoke: Wand              |       |       |     1 |       |       ||     1
  Use: Scroll            |       |       |     8 |     1 |       ||     9
       Potion            |       |       |       |       |     1 ||     1
  Eat: Chunk             |       |    29 |    16 |    26 |     2 ||    73
Armor: Leather armour    |    10 |     8 |    22 |    92 |    23 ||   155
       Skin              |       |       |     3 |       |       ||     3
Dodge: Dodged            |    16 |    16 |    36 |   103 |    23 ||   194
